 Dungeon Crawl Stone Soup version 0.26-a0-720-g2a1d101370 (webtiles) character file.

Game seed: 363033852216350067

3262 mg7810 the Cleaver (level 10, -23/126 HPs)
             Began as a Hill Orc Fighter on Oct 15, 2020.
             Was a Follower of Makhleb.
             Annihilated by Gastronok (25 damage)
             ... on level 8 of the Dungeon on Nov 2, 2020.
             The game lasted 00:22:59 (7524 turns).

mg7810 the Cleaver (Hill Orc Fighter)               Turns: 7524, Time: 00:23:00

Health: -23/126    AC: 25    Str: 28 (29) XL:     10   Next: 0%
Magic:  12/12      EV:  2    Int:  6 (8)  God:    Makhleb [*.....]
Gold:   275        SH: 23    Dex:  7 (10) Spells: 9/9 levels left

rFire    . . .     SeeInvis .   a - +0 war axe
rCold    . . .     Faith    .   v - +1 tower shield
rNeg     + + +     Spirit   .   (armour currently unavailable)
rPois    +         Reflect  +   (helmet currently unavailable)
rElec    .         Harm     .   (cloak currently unavailable)
rCorr    .         Rampage  .   (gloves currently unavailable)
MR       .....     NoTele   +   (boots currently unavailable)
Stlth    +.........             y - amulet of reflection
HPRegen  0.31/turn              i - +6 ring of strength
MPRegen  0.13/turn              (no ring)

@: mighty, brilliant, tree-form
A: no striking features
a: Renounce Religion, Convert to Beogh


You were on level 8 of the Dungeon.
You worshipped Makhleb.
Makhleb was aware of your devotion.
You were a tree.
You visited 1 branch of the dungeon, and saw 8 of its levels.

You collected 275 gold pieces.

Inventory:

Hand Weapons
 a - a +0 war axe (weapon)
 D - the +1 mace of Conformity {flame, MR- Int+4 Dex+6 SInv}
   (You found it on level 6 of the Dungeon)

   It has been specially enchanted to burn those struck by it, causing extra
   injury to most foes and up to half again as much damage against particularly
   susceptible opponents.
   It affects your intelligence (+4).
   It affects your dexterity (+6).
   It affects your resistance to hostile enchantments.
   It lets you see invisible.
Missiles
 e - 19 poisoned darts
 m - 6 boomerangs
 z - 8 javelins (quivered)
Armour
 p - a +0 helmet (melded)
 v - a +1 tower shield (worn)
 B - a +0 plate armour (melded)
 E - a +0 cloak (melded)
Jewellery
 i - a +6 ring of strength (left branch)
 r - an uncursed ring of fire
 y - an amulet of reflection (around neck)
Wands
 n - a wand of random effects (19)
Scrolls
 b - 3 scrolls of identify
 j - 2 scrolls of amnesia {unknown}
 l - 4 scrolls of remove curse
 o - a scroll of immolation
 q - a scroll of fear
 s - 2 scrolls of fog
 u - a scroll of enchant weapon {unknown}
 w - a scroll of teleportation
Potions
 f - a potion of flight {unknown}
 g - 4 potions of stabbing
 h - a potion of cancellation
 t - a potion of lignification
 A - a potion of invisibility {unknown}
 C - a potion of curing {unknown}


   Skills:
 + Level 6.3 Fighting
 + Level 11.3 Axes
 + Level 2.8 Throwing
 + Level 5.8 Armour
 + Level 1.7 Dodging
 + Level 8.3 Shields
 * Level 3.8 Invocations
 * Level 0.6 Evocations


You had 9 spell levels left.
You didn't know any spells.
Your spell library contained the following spells:

 Spells                   Type           Power        Failure   Level
 Magic Dart               Conj           #...         99%         1
 Blink                    Tloc           N/A          100%        2
 Call Imp                 Summ           #.......     100%        2
 Slow                     Hex            #.......     100%        2
 Conjure Flame            Conj/Fire      #.......     100%        3
 Mephitic Cloud           Conj/Pois/Air  #.......     100%        3


Dungeon Overview and Level Annotations

Branches:
Dungeon (8/15)             Temple (0/1) D:7
   Lair: D:8-11

Altars:
Ashenzari
Dithmenos
Fedhas
Makhleb
Nemelex Xobeh
Sif Muna
Trog
Uskayaw

Annotations:
D:8 Gastronok


Message History

The fireball engulfs the bat!
You kill the bat!
The bat's corpse disappears in a puff of smoke!
You feel sick.
You are no longer poisoned.
You hear a bark!
You block the bat's attack.
The orc priest mumbles some strange prayers to Beogh against you.
Beogh smites you!
* * * LOW HITPOINT WARNING * * *
Gastronok bites you but does no damage.
It was a potion of degeneration.
There was something very wrong with that liquid.
You feel weakened.
You feel dopey.
You feel clumsy. You block the bat's attack.
A scorpion comes into view.
It was a potion of brilliance.
You feel clever all of a sudden. Gastronok bites you!!
You die...

.....#.........
...............
.........s...ro
##...........#
..... #<..#
#...##...#
#.(....#
#..wo###
####♣b.#
#.........
#.........
.......>..
##........#
##.......#
##......#
.....##


You could see Gastronok (fast, swift), a scorpion, an orc priest and a bat
(summoned).

Vanquished Creatures
  Eustachio (D:6)
  A water moccasin (D:6)
  3 orc warriors
  2 ice beasts
  2 sky beasts
  A phantom (D:6)
  2 eyes of draining (D:5)
  3 ogres
  A centaur (D:8)
  A big kobold (D:7)
  2 bullfrogs (D:6)
  2 scorpions
  A water moccasin skeleton (D:7)
  6 killer bees (D:7)
  4 wights (D:7)
  2 howler monkeys (D:7)
  A centaur zombie (D:5)
  A bullfrog zombie (D:7)
  2 gnoll shamans (D:6)
  3 hounds (D:5)
  Crazy Yiuf (D:6)
  2 iguanas (D:5)
  An orc priest (D:3)
  A jelly (D:7)
  Terence (D:3)
  2 orc wizards
  3 worker ants (D:5)
  3 hound skeletons
  2 howler monkey zombies
  14 gnolls
  12 adders
  A white imp (D:7)
  3 worms
  An adder skeleton (D:5)
  2 dart slugs (D:3)
  A leopard gecko (D:5)
  13 orcs
  4 giant cockroaches
  3 goblins (D:3)
  10 hobgoblins
  9 jackals
  4 quokkas
  2 ball pythons
  9 bats
  4 frilled lizards
  4 kobolds
  A quokka skeleton (D:4)
  A quokka zombie (D:7)
  9 rats
164 creatures vanquished.

Notes
Turn   | Place    | Note
-------+----------+-------------------------------------------
     0 | D:1      | mg7810 the Hill Orc Fighter began the quest for the Orb.
     0 | D:1      | Reached XP level 1. HP: 19/19 MP: 1/1
   232 | D:1      | Reached XP level 2. HP: 27/27 MP: 2/2
   319 | D:1      | Reached skill level 1 in Throwing
   532 | D:1      | Reached XP level 3. HP: 33/33 MP: 3/3
  1128 | D:2      | Reached skill level 3 in Axes
  1781 | D:3      | Reached XP level 4. HP: 40/40 MP: 4/4
  1824 | D:3      | Reached skill level 4 in Axes
  1824 | D:3      | Reached XP level 5. HP: 30/46 MP: 5/5
  2180 | D:3      | Noticed Terence
  2189 | D:3      | Killed Terence
  2531 | D:3      | Reached XP level 6. HP: 32/52 MP: 6/6
  2890 | D:3      | Reached skill level 5 in Axes
  3827 | D:5      | Entered Level 5 of the Dungeon
  3868 | D:5      | Reached skill level 1 in Dodging
  3868 | D:5      | Reached XP level 7. HP: 48/60 MP: 7/7
  3874 | D:5      | Reached skill level 6 in Axes
  4296 | D:5      | Found a bloodstained altar of Trog.
  4316 | D:5      | Reached skill level 7 in Axes
  4316 | D:5      | Reached skill level 5 in Shields
  4403 | D:5      | Reached skill level 5 in Fighting
  4403 | D:5      | Reached XP level 8. HP: 68/68 MP: 8/8
  4738 | D:5      | Upgraded the game from 0.26-a0-665-gefeb406119 to
                  | 0.26-a0-720-g2a1d101370
  4808 | D:6      | Reached skill level 5 in Armour
  4883 | D:6      | Reached skill level 8 in Axes
  5356 | D:6      | Reached skill level 9 in Axes
  5648 | D:6      | Noticed Eustachio
  5721 | D:6      | Killed Eustachio
  5721 | D:6      | Reached XP level 9. HP: 57/75 MP: 9/9
  6017 | D:6      | Found a blossoming altar of Fedhas.
  6017 | D:6      | Found a burning altar of Makhleb.
  6017 | D:6      | Found a shimmering blue altar of Sif Muna.
  6017 | D:6      | Found a shadowy altar of Dithmenos.
  6022 | D:6      | Became a worshipper of Makhleb the Destroyer
  6077 | D:6      | Found a broken altar of Ashenzari.
  6077 | D:6      | Found a sparkling altar of Nemelex Xobeh.
  6115 | D:6      | Found a runed translucent door.
  6116 | D:6      | Noticed Crazy Yiuf
  6327 | D:6      | Got a shimmering mace
  6328 | D:6      | Identified the +1 mace of Conformity {flame, MR- Int+4
                  | Dex+6 SInv} (You found it on level 6 of the Dungeon)
  6334 | D:6      | Killed Crazy Yiuf
  6334 | D:6      | Reached skill level 10 in Axes
  6416 | D:7      | Found a staircase to the Ecumenical Temple.
  6585 | D:7      | Reached skill level 1 in Invocations
  6860 | D:7      | Reached * piety under Makhleb
  7148 | D:7      | Reached skill level 11 in Axes
  7212 | D:7      | Found a hide-covered altar of Uskayaw.
  7212 | D:7      | Noticed a +0 dagger
  7213 | D:7      | Noticed a +0 hand axe
  7480 | D:8      | Noticed Gastronok
  7516 | D:8      | Reached XP level 10. HP: 16/84 MP: 12/12
  7519 | D:8      | HP: 1/126 [orc priest/divine providence (15)]
  7524 | D:8      | Annihilated by Gastronok

Illustrated notes

Levels and vault maps discovered:
D:1:      minmay_arrival_four_houses, layout_basic
D:2:      layout_basic
D:3:      minmay_inner_zag, layout_basic, uniq_terence
D:4:      layout_basic
D:5:      layout_loops_ring, trog_eyes_of_draining
D:6:      layout_basic, minmay_overflow_temple_hex, uniq_crazy_yiuf_cottage,
          uniq_eustachio
D:7:      layout_gridville, dancing_weapons_uskayaw,
          minmay_temple_entry_large_hall, grunt_ministairs_15
D:8:      layout_cave_pools, serial_shops, shop,
          nicolae_gozag_zags_fifth_avenue, uniq_pikel, uniq_harold,
          uniq_gastronok

Skill      XL: |  1  2  3  4  5  6  7  8  9 |
---------------+----------------------------+-----
Throwing       | 1 2 |  2.8
Axes           | 3 4 5 7 9 11 | 11.3
Fighting       | 4 5 6 |  6.3
Armour         | 4 5 |  5.8
Shields        | 4 5 7 8 |  8.3
Dodging        | 1 |  1.7
Invocations    | 3 |  3.8
Evocations     | |  0.6

Action                   |  1- 3 |  4- 6 |  7- 9 | 10-12 || total
-------------------------+-------+-------+-------+-------++-------
Melee: War axe           |    71 |   164 |   383 |       ||   618
Throw: Dart              |    44 |    30 |     8 |       ||    82
Evoke: Wand              |       |       |     5 |     4 ||     9
  Use: Scroll            |     4 |     5 |     5 |       ||    14
       Potion            |       |       |     4 |     4 ||     8
Armor: Scale mail        |    46 |    77 |    23 |       ||   146
       Plate armour      |       |       |    58 |       ||    58
       Skin              |       |       |     4 |     6 ||    10
Dodge: Dodged            |    21 |    58 |    34 |       ||   113
Block: Kite shield       |    42 |    77 |       |       ||   119
       Tower shield      |       |    27 |   436 |    11 ||   474
       Reflection        |       |       |     8 |       ||     8

Table legend: (Time is in decaauts)
 A = Elapsed time spent in this place.
 B = Non-inter-level travel time spent in this place.
 C = Inter-level travel time spent in this place.
 D = Time resting spent in this place.
 E = Time spent auto-exploring this place.
 F = Levels seen in this place.
 G = Mean time per level.
                   A        B        C        D        E       F      G
               +--------+--------+--------+--------+--------+-----+--------+
         Total |   7674 |   7309 |    365 |      0 |   5630 |   8 |  959.2 |
       Dungeon |   7674 |   7309 |    365 |      0 |   5630 |   8 |  959.2 |
               +--------+--------+--------+--------+--------+-----+--------+

Top non-repeatable levels by time:
     D:3: 1701 daAuts
     D:6: 1673 daAuts
     D:7: 1084 daAuts
     D:1: 1037 daAuts
     D:5: 959 daAuts
     D:2: 741 daAuts
     D:4: 431 daAuts
     D:8: 44 daAuts
